Map: Frost LE

Players

fredy

  • Race: Terran Terran
  • League: Diamond

Nickos - Winner!

  • Race: Terran Terran
  • League: Gold

VOD

Have the link to the VOD?

Description

Time

  • Played on: Sept. 23, 2016, 4:55 a.m.
  • Length: 12:05
Show
View Real Time Build Order
Export as new Build Order

fredy Terran 

Build Orders: Reaper Expand, Banshee Rush 

Get SALT Encoding   

  12  0:00  SCV  
  13  0:13  SCV  
  14  0:17  Supply Depot  
  14  0:25  SCV  
  15  0:39  SCV  
  15  0:40  Barracks  
  16  0:44  Refinery  
  16  0:51  SCV  
  17  1:03  SCV  
  18  1:15  SCV  
  19  1:28  Orbital Command  
  19  1:30  Reaper  
  20  1:42  Command Center  
  20  1:51  Refinery  
  20  1:55  SCV  
  21  2:05  Factory  
  21  2:07  SCV  
  22  2:20  Barracks Reactor  
  22  2:21  SCV  
  23  2:50  Supply Depot  
  23  2:52  Starport  
  23  2:54  SCV  
  24  3:05  Cyclone  
  27  3:06  SCV  
  27  3:10  Orbital Command  
  28  3:15  Refinery  
  28  3:18  SCV  
  29  3:21  Cyclone  
  29  3:22  Refinery  
  32  3:30  Starport Tech Lab, SCV  
  33  3:37  SCV  
  34  3:42  SCV  
  34  3:44  Cyclone  
  38  3:49  SCV  
  38  3:55  SCV  
  40  3:57  Cloaking Field  
  40  4:01  Banshee, SCV  
  44  4:07  SCV  
  45  4:13  SCV  
  46  4:21  Supply Depot  
  46  4:41  Supply Depot  
  46  4:42  Cyclone x2, SCV x2  
  46  4:43  Supply Depot  
  46  4:44  Supply Depot x2  
  54  4:57  Supply Depot  
  54  5:02  SCV x2  
  56  5:10  Banshee  
  59  5:14  Cyclone, SCV x2  
  59  5:15  Cyclone  
  59  5:20  Supply Depot  
  67  5:26  SCV x2  
  68  5:33  Armory  
  68  5:36  Armory  
  68  5:39  SCV x2  
  70  5:50  Supply Depot  
  70  5:51  SCV x2  
  70  5:55  Cyclone  
  75  6:06  Starport Reactor  
  75  6:07  SCV x2, Factory  
  80  6:11  Cyclone  
  80  6:14  Supply Depot  
  80  6:19  SCV x2  
  82  6:26  Terran Vehicle Weapons Level 1  
  82  6:27  Cyclone, Terran Vehicle And Ship Armor Level 1  
  82  6:31  SCV  
  86  6:36  Supply Depot  
  86  6:43  Cyclone  
  89  6:53  Cyclone  
  92  6:59  Cyclone  
  95  7:15  Cyclone  
  95  7:25  Cyclone  
  98  7:31  Cyclone  
  101  7:47  Cyclone  
  101  7:57  Cyclone  
  104  8:03  Cyclone  
  107  8:06  Command Center  
  107  8:17  Command Center  
  107  8:19  Cyclone, Viking  
  112  8:28  Viking  
  112  8:29  Cyclone  
  112  8:31  SCV x2  
  119  8:35  Cyclone  
  122  8:43  SCV x2  
  121  8:51  Cyclone  
  121  8:55  SCV x2  
  126  9:07  Cyclone  
  126  9:09  Cyclone  
  126  9:11  SCV x2  
  104  9:17  Viking  
  104  9:23  SCV  
  104  9:24  Cyclone  
  82  9:39  Cyclone  
  82  9:41  Cyclone  
  88  9:47  Factory  
  88  9:49  Orbital Command  
  88  9:50  SCV x2  
  88  9:52  Refinery  
  90  9:54  Refinery  
  90  9:56  Cyclone  
  93  10:02  SCV x2  
  95  10:11  Cyclone  
  95  10:12  Viking x2  
  102  10:14  SCV x2  
  104  10:26  SCV  
  104  10:27  SCV  
  106  10:33  Factory Reactor  
  106  10:39  SCV x2  
  108  10:43  Cyclone  
  108  10:44  Cyclone  
  114  10:50  Cyclone  
  114  10:51  SCV  
  114  10:55  Orbital Command  
  51  11:27  Cyclone  
  51  11:29  Cyclone  
Show
View Real Time Build Order
Export as new Build Order

Nickos Terran - Winner!

Build Orders: MMM Bio 

Get SALT Encoding   

  12  0:00  SCV  
  13  0:13  SCV  
  14  0:18  Supply Depot  
  14  0:25  SCV  
  15  0:39  SCV  
  15  0:40  Barracks  
  16  0:51  SCV  
  17  1:03  SCV  
  18  1:16  SCV  
  19  1:20  Command Center  
  19  1:29  Orbital Command  
  19  1:33  Marine  
  20  1:44  Barracks  
  20  1:57  Supply Depot  
  20  1:59  Marine  
  20  2:00  SCV  
  22  2:15  Refinery  
  22  2:17  Refinery  
  22  2:18  SCV  
  22  2:21  Barracks, Marine  
  23  2:30  SCV  
  23  2:33  Marine  
  25  2:39  Orbital Command, Marine  
  26  2:47  SCV  
  26  2:50  Marine  
  28  2:59  SCV  
  29  3:08  SCV  
  29  3:11  SCV  
  29  3:12  Barracks Tech Lab, Barracks Reactor  
  31  3:20  Barracks Reactor  
  31  3:21  SCV  
  31  3:24  SCV  
  33  3:30  Stimpack  
  33  3:32  Marine  
  33  3:33  SCV  
  35  3:36  SCV  
  36  3:45  SCV, Factory  
  36  3:48  SCV  
  38  3:49  Marine  
  39  3:57  SCV  
  39  3:58  Marine x4  
  39  3:59  Supply Depot  
  39  4:02  SCV  
  45  4:07  Barracks  
  45  4:10  Engineering Bay x2, SCV  
  46  4:21  Marauder, SCV  
  46  4:22  SCV, Marine x4  
  54  4:32  Factory Reactor  
  54  4:35  Starport  
  54  4:38  Terran Infantry Weapons Level 1  
  54  4:43  Refinery  
  54  4:49  SCV  
  54  4:53  Terran Infantry Armor Level 1  
  54  5:09  Barracks Tech Lab  
  54  5:33  Command Center  
  54  5:36  Supply Depot  
  54  5:37  Marine x5  
  54  5:38  Supply Depot, SCV x2  
  54  5:39  Armory  
  61  5:45  Combat Shields  
  61  5:50  SCV  
  62  5:58  Medivac, Marauder, SCV  
  62  6:01  Marine x4  
  62  6:02  Marauder, SCV  
  74  6:10  Medivac, SCV  
  77  6:13  Supply Depot  
  77  6:14  Supply Depot  
  77  6:16  SCV  
  78  6:34  Marine x3  
  78  6:35  Marauder x2, SCV x2  
  87  6:40  Terran Infantry Weapons Level 2  
  86  6:47  SCV  
  86  6:53  Orbital Command, SCV  
  87  6:55  Missile Turret  
  87  7:00  Missile Turret  
  87  7:02  Missile Turret  
  87  7:04  Medivac x2  
  87  7:05  Marauder  
  87  7:06  Marauder  
  94  7:20  Marine x2  
  94  7:21  Marine x2  
  97  7:23  Missile Turret  
  97  7:27  Marauder x2  
  101  7:32  Barracks  
  101  7:33  Barracks  
  101  7:34  SCV x2  
  101  7:35  SCV  
  104  7:38  Marine  
  104  7:43  Medivac x2  
  109  7:49  Supply Depot x2  
  109  7:50  SCV  
  109  7:58  SCV  
  109  8:08  Marine  
  109  8:10  Marine x3  
  109  8:11  Marauder x2  
  116  8:13  Medivac  
  116  8:18  Medivac  
  116  8:19  SCV x3  
  123  8:26  Marine  
  124  8:28  Marine  
  125  8:37  Barracks Tech Lab x2  
  125  8:44  Marine x2  
  125  8:45  SCV  
  125  8:47  Marauder  
  125  8:48  Medivac, Marauder  
  125  8:52  Marine x2  
  123  8:58  Marauder  
  125  9:06  Marine  
  125  9:09  Marauder x2  
  125  9:10  Marauder  
  125  9:16  Liberator x2  
  113  9:20  Marauder  
  99  9:24  Marine x4  
  99  9:30  Marauder  
  99  9:31  Marauder  
  102  9:32  Marauder  
  104  9:41  Concussive Shells, Marauder  
  104  9:42  Marine x4  
  110  9:51  SCV, Marine  
  110  9:52  Marauder, Marine, SCV x2  
  116  9:59  Marine  
  117  10:00  Marine x3  
  117  10:03  SCV  
  117  10:04  Marauder, SCV  
  125  10:20  Marauder x3, Supply Depot, SCV  
  132  10:22  Supply Depot  
  132  10:23  Supply Depot  
  132  10:24  Supply Depot  
  132  10:25  Marauder  
  132  10:27  Barracks x2  
  134  10:32  Marine  
  134  10:33  Marine x3  
  138  10:41  Marauder, Marine  
  138  10:42  Marauder  
  143  10:45  Supply Depot  
  143  10:46  Supply Depot  
  143  10:47  Marauder  
  143  10:48  Medivac, Supply Depot  
  147  10:58  Marine x3  
  147  10:59  Marauder  
  147  11:03  Marauder x2  
  156  11:06  Marine  
  156  11:08  Marauder  
  132  11:13  Medivac  
  132  11:16  Marine x3  
  132  11:18  Medivac  
  133  11:20  Marine  
  133  11:23  Marine  
  133  11:24  Marine x2  
  137  11:29  Marine  
  138  11:34  Marine x3  
  138  11:38  Marine  
  142  11:41  Marine  
  142  11:42  Marine x2  
  144  11:47  Marine  
Tags
 
Composition
MMM Bio
Matchup
TvT
Race
Terran
Replay Pack
Nickos replay
Strategy
Banshee Rush
Add a new tag
Caveats
  • Supply blocks, unpowered buildings, or Contaminate may cause inaccurate times.
  • Supply counts are checked every 10 seconds.